 Dungeon Crawl Stone Soup version 0.25-a0-603-g0321be9 (webtiles) character file.

Game seed: 1860174376247799203, levelgen mode: deterministic

153 Faels the Sneak (level 5, -3/29 HPs)
             Began as a Kobold Venom Mage on Mar 15, 2020.
             Slain by Sigmund
             ... wielding a +0 scythe
              (5 damage)
             ... on level 3 of the Dungeon.
             The game lasted 00:11:29 (3586 turns).

Faels the Sneak (Kobold Venom Mage)                 Turns: 3586, Time: 00:11:30

Health: -3/29      AC:  4    Str:  5    XL:     5   Next: 61%
Magic:  8/8        EV: 16    Int: 17    God:
Gold:   158        SH:  0    Dex: 16    Spells: 3/9 levels left

rFire    . . .     SeeInvis .   e - +0 short sword (elec)
rCold    . . .     Gourm    .   (shield restricted)
rNeg     . . .     Faith    .   a - +1 robe
rPois    +         Spirit   .   x - +0 helmet
rElec    .         Reflect  .   (no cloak)
rCorr    .         Harm     .   (no gloves)
MR       .....                  (no boots)
Stlth    +++.......             r - amulet of the acrobat
HPRegen  0.09/turn              g - ring of poison resistance
MPRegen  0.11/turn              (no ring)

@: brilliant
A: small, carnivore
a: no special abilities


You were on level 3 of the Dungeon.
You were completely stuffed.

You visited 1 branch of the dungeon, and saw 3 of its levels.

You collected 158 gold pieces.

Inventory:

Hand Weapons
 d - a cursed -3 dagger
 e - a +0 short sword of electrocution (weapon)
Missiles
 o - 10 poisoned darts (quivered)
Armour
 a - a +1 robe (worn)
 i - a +0 ring mail
 w - a +0 leather armour
 x - a +0 helmet (worn)
Jewellery
 g - a ring of poison resistance (left hand)
 k - a cursed amulet of inaccuracy
 r - an amulet of the acrobat (around neck)
Scrolls
 f - a scroll of enchant armour
 h - a scroll of teleportation
 m - a scroll of blinking
 n - a scroll of magic mapping {unknown}
 p - 3 scrolls of remove curse
 q - a scroll of immolation {unknown}
 v - a scroll of random uselessness {unknown}
Potions
 b - a potion of brilliance
 j - 2 potions of lignification
 l - 3 potions of curing {unknown}
 s - 2 potions of berserk rage {unknown}
 t - a potion of might {unknown}
Comestibles
 c - 5 rations


   Skills:
 - Level 1.2 Fighting
 - Level 2.5 Short Blades
 - Level 3.1 Dodging
 - Level 3.7 Stealth
 + Level 2.5 Spellcasting
 + Level 1.0 Conjurations
 + Level 2.0 Transmutations
 + Level 1.0 Air Magic
 + Level 3.4 Poison Magic


You had 3 spell levels left.
You knew the following spells:

 Your Spells              Type           Power        Failure   Level  Hunger
a - Sting                 Tmut/Pois      ###.         6%          1    None
b - Poisonous Vapours     Pois/Air       ##....       11%         2    None
c - Mephitic Cloud        Conj/Pois/Air  ##......     26%         3    None

Your spell library contained the following spells:

 Spells                   Type           Power        Failure   Level  Hunger
 Ignite Poison            Fire/Tmut/Pois ##......     26%         3    None
 Olgreb's Toxic Radiance  Pois           ###.....     41%         4    None


Dungeon Overview and Level Annotations

Branches:
Dungeon (3/15)

Altars:

Annotations:
D:3 Sigmund


Innate Abilities, Weirdness & Mutations

You are small and have problems with some larger weapons.
You are carnivorous and can eat meat at any time.


Message History

A puff of flame appears from out of thin air!
The puff of flame hits you!
You closely miss something. Something hits you!
You barely miss something. You closely miss something.
You hear a zap.
A puff of flame appears from out of thin air!
The puff of flame hits you.
You closely miss something. Something barely misses you.
It was a potion of brilliance.
You feel clever all of a sudden.
You barely miss something. Something hits you!
* * * LOW HITPOINT WARNING * * *
Casting: Mephitic Cloud (safe; 26% risk of failure)
Confirm with . or Enter, or press ? or * to list all spells.
You can't see any susceptible monsters within range! (Use Z to cast anyway.)
You hit something but do no damage. Something barely misses you.
You completely miss something. You hit something. Something hits you.
You die...

############
#..........#########
#..........'........
#..........#########
#[..>......'........
#.{........#########
#..@.....$.#
####'#...###
#.......#
#.......####
#..........#
#..........#
#..........#
#..(.......#
###+#......#


There were no monsters in sight!

Vanquished Creatures
  An orc wizard (D:3)
  A worker ant (D:2)
  4 adders
  An ooze (D:1)
  A leopard gecko (D:3)
  3 orcs (D:3)
  2 ball pythons (D:1)
  3 giant cockroaches
  10 goblins
  4 hobgoblins
  8 jackals
  9 kobolds
  6 bats
  2 frilled lizards
  5 rats
60 creatures vanquished.

Notes
Turn   | Place    | Note
-------+----------+-------------------------------------------
     0 | D:1      | Faels the Kobold Venom Mage began the quest for the Orb.
     0 | D:1      | Reached XP level 1. HP: 10/10 MP: 3/3
   121 | D:1      | Reached XP level 2. HP: 15/15 MP: 3/5
   365 | D:1      | Reached skill level 1 in Short Blades
   365 | D:1      | Reached XP level 3. HP: 9/20 MP: 6/6
   578 | D:1      | Learned a level 2 spell: Poisonous Vapours
   582 | D:1      | Learned a level 3 spell: Mephitic Cloud
  1227 | D:2      | Reached skill level 1 in Fighting
  1227 | D:2      | Reached XP level 4. HP: 25/25 MP: 3/7
  2898 | D:3      | Reached XP level 5. HP: 29/29 MP: 8/8
  3121 | D:3      | Reached skill level 1 in Air Magic
  3320 | D:3      | Reached skill level 1 in Conjurations
  3568 | D:3      | Noticed Sigmund
  3586 | D:3      | Slain by Sigmund

Levels and vault maps discovered:
D:1:      ebering_trefoil_twist, layout_basic, corner_web_ring,
          kennysheep_doodads
D:2:      layout_basic, first_ration, roderic_roman_lattice,
          chequers_serial_rivers_large_a
D:3:      layout_basic, uniq_sigmund

Skill      XL: |  1  2  3  4  5 |
---------------+----------------+-----
Stealth        | 3 |  3.7
Short Blades   | 1 2 |  2.5
Fighting       | 1 |  1.2
Dodging        | 3 |  3.1
Air Magic      | 1 |  1.0
Conjurations   | 1 |  1.0
Transmutations | 2 |  2.0
Spellcasting   | |  2.5
Poison Magic   | |  3.4

Action                   |  1- 3 |  4- 6 || total
-------------------------+-------+-------++-------
Melee: Club              |     1 |       ||     1
       Short sword       |    48 |   117 ||   165
Throw: Dart              |       |     6 ||     6
 Cast: Sting             |    14 |       ||    14
  Use: Scroll            |       |     7 ||     7
       Potion            |       |     2 ||     2
 Stab: Sleeping          |     5 |     6 ||    11
  Eat: Chunk             |     9 |     8 ||    17
Armor: Robe              |     6 |    10 ||    16
       Skin              |       |    19 ||    19
Dodge: Dodged            |    51 |    82 ||   133

Table legend:
 A = Non-vault XP
 B = Vault XP
 C = Vault XP percentage of total XP
 D = Non-vault monster count
 E = Vault monster count
 F = Vault count percentage of total count
                 A         B        C        D         E       F
            +---------+---------+-------+---------+---------+-------
      Total |     219 |       0 |   0.0 |      60 |       0 |   0.0
            +---------+---------+-------+---------+---------+-------
        D:1 |      50 |       0 |   0.0 |      27 |       0 |   0.0
        D:2 |      87 |       0 |   0.0 |      19 |       0 |   0.0
        D:3 |      82 |       0 |   0.0 |      14 |       0 |   0.0
            +---------+---------+-------+---------+---------+-------
